 Dungeon Crawl Stone Soup version 0.17.0-25-gefc9c12 (webtiles) character file.

47 Raultor the Changer (level 3, -1/23 HPs)
             Began as an Octopode Transmuter on Nov 18, 2015.
             Slain by a gnoll
             ... wielding a +0 whip
              (4 damage)
             ... on level 2 of the Dungeon.
             The game lasted 00:02:21 (1579 turns).

Raultor the Changer (Octopode Transmuter)           Turns: 1579, Time: 00:02:21

Health: -1/23      AC:  1    Str:  9    XL:     3   Next: 70%
Magic:  0/6        EV: 12    Int: 15    God:
Gold:   80         SH:  0    Dex: 13    Spells: 2 memorised, 2 levels left

rFire  . . .     SeeInvis .       - Unarmed
rCold  . . .     Clarity  .     (no shield)
rNeg   . . .     SustAt   .     (helmet restricted)
rPois  .         Gourm    .     (no amulet)
rElec  .         Spirit   .     (no ring)
rCorr  .         Warding  .     (no ring)
rMut   .         Stasis   .     (no ring)
MR     .....                    (no ring)
Stlth  ++........               (no ring)
                                (no ring)
                                (no ring)
                                (no ring)

@: very slightly contaminated, not resistant to hostile enchantments, unstealthy
A: almost no armour, amphibious, 8 rings, constrict 8, camouflage 1, gelatinous
body 1
a: no special abilities


You were on level 2 of the Dungeon.
You were not hungry.

You visited 1 branch of the dungeon, and saw 2 of its levels.

You collected 80 gold pieces.

Inventory:

Missiles
 a - 12 arrows
 h - 26 stones (quivered)
Scrolls
 d - a scroll of recharging {unknown}
 e - a scroll of enchant weapon {unknown}
 l - a scroll of magic mapping {unknown}
 m - a scroll of teleportation {unknown}
Potions
 f - a potion of flight {unknown}
 g - 2 potions of magic {unknown}
 j - a potion of mutation {unknown}
 k - a potion of curing {unknown}
Books
 b - a book of Changes

   Spells                             Type                      Level
   a - Beastly Appendage              Transmutation                1
   b - Sticks to Snakes               Transmutation                2
   c - Spider Form                    Transmutation/Poison         3
   d - Ice Form                       Ice/Transmutation            4
   e - Blade Hands                    Transmutation                5
Comestibles
 c - 2 bread rations
 i - 2 meat rations
 n - 4 fruits


   Skills:
 - Level 1.0 Fighting
 - Level 2.0 Dodging
 - Level 3.0 Unarmed Combat
 - Level 2.0 Spellcasting
 + Level 3.9 Transmutations


You had 2 spell levels left.
You knew the following spells:

 Your Spells              Type           Power        Failure   Level  Hunger
a - Beastly Appendage     Trmt           ##....       6%          1    #......
b - Spider Form           Trmt/Pois      #.........   34%         3    ###....


Dungeon Overview and Level Annotations

Branches:
Dungeon (2/15)

Altars:
Nemelex Xobeh
Ru


Innate Abilities, Weirdness & Mutations

You cannot wear most types of armour.
You are amphibious.
You can wear up to eight rings at the same time.
You can use your tentacles to constrict eight enemies at once.
Your skin changes colour to match your surroundings (Stealth).
Your rubbery body absorbs attacks (AC +1).


Message History

The gnoll is moderately wounded.
The gnoll hits you with a whip.
You tentacle-slap the gnoll but do no damage.
You grab the gnoll.
The gnoll is moderately wounded.
You constrict the gnoll, but do no damage.
The gnoll hits you with a whip!
You tentacle-slap the gnoll.
The gnoll is heavily wounded.
You constrict the gnoll. The gnoll hits you with a whip.
* * * LOW HITPOINT WARNING * * *
A gnoll comes into view. It is wielding a spear.
The gnoll shouts!
You tentacle-slap the gnoll. You squeeze the gnoll.
The gnoll is severely wounded.
You constrict the gnoll. The gnoll barely misses you.
You tentacle-slap the gnoll but do no damage.
The gnoll is almost dead.
You constrict the gnoll. The gnoll hits you with a whip.
You die...

###############
g.g..gg@......#
#############.#
#######.#######
..............#
.#......#####.#
#.###### #.#
#.##########.####
#.#........(>...#
#.#.#.###.......#


You could see 4 gnolls.

Vanquished Creatures
  An adder (D:2)
  A giant gecko (D:2)
  4 bats
  2 giant cockroaches (D:1)
  5 hobgoblins (D:1)
  5 kobolds (D:1)
  2 quokkas (D:2)
  A ball python (D:1)
  2 giant newts
  7 goblins
  5 rats
35 creatures vanquished.

Notes
Turn   | Place    | Note
--------------------------------------------------------------
     0 | D:1      | Raultor the Octopode Transmuter began the quest for the Orb.
     0 | D:1      | Reached XP level 1. HP: 13/13 MP: 3/3
   282 | D:1      | Reached XP level 2. HP: 15/18 MP: 5/5
   996 | D:1      | Reached XP level 3. HP: 23/23 MP: 6/6
  1009 | D:1      | Learned a level 3 spell: Spider Form
  1389 | D:2      | Found a sparkling altar of Nemelex Xobeh.
  1427 | D:2      | Found a sacrificial altar of Ru.
  1579 | D:2      | Slain by a gnoll

Action                   || total
-------------------------++-------
Melee: Unarmed           ||    82
 Stab: Sleeping          ||     5
  Eat: Chunk             ||     2
